 Dungeon Crawl Stone Soup version 0.31.0-32-g396128a36d (webtiles) character file.

Game seed: 17018115828891978886

30 RKaid the Ruffian (level 3, -2/24 HPs)
             Began as an Octopode Shapeshifter on Mar 20, 2024.
             Slain by a ball python (3 damage)
             ... on level 2 of the Dungeon.
             The game lasted 00:01:05 (977 turns).

RKaid the Ruffian (Octopode Shapeshifter)            Turns: 977, Time: 00:01:06

Health: -2/24      AC:  1    Str: 15    XL:     3   Next: 18%
Magic:  3/3        EV: 10    Int: 12    God:
Gold:   96         SH:  0    Dex: 11    Spells: 2/2 levels left

rFire   . .          .
                       - Unarmed
rCold   . . .        (no shield)
rNeg    . . .        (helmet currently unavailable)
rPois   .            (no amulet)
rElec   .            (no ring)
rCorr   .            (no ring)
SInv    .            (no ring)
Will    .....        (no ring)
Stlth   ++           (no ring)
HPRegen 0.24/turn    (no ring)
MPRegen 0.08/turn    (no ring)
                     (no ring)

%: no passive effects
@: lethally poisoned (-2 -> -12), beast-form, constricted
A: beast (slay +1), almost no armour, amphibious, 8 rings, camouflage 1,
gelatinous body 1, (nimble swimmer 1), tentacles
a: Begin Untransformation


You were on level 2 of the Dungeon.
You were a hulking beast.
You visited 1 branch of the dungeon, and saw 2 of its levels.

You collected 96 gold pieces.

Inventory:

Talismans
 b - a beast talisman
 c - a flux talisman
Potions
 a - a potion of lignification {!q}
 d - a potion of degeneration {unknown}
 e - a potion of curing {unknown}
 f - 2 potions of berserk rage {unknown}


   Skills:
 + Level 1.6 Fighting
 + Level 2.4 Dodging
 + Level 3.3 Unarmed Combat
 + Level 3.2 Shapeshifting


You had 2 spell levels left.
You didn't know any spells.
Your spell library was empty.

Dungeon Overview and Level Annotations

Branches:
Dungeon (2/15)

Altars:


Innate Abilities, Weirdness & Mutations

You are a hulking beast.
Your limbs bulge with bestial killing power. (Slay +1)
You cannot wear most types of armour.
You are amphibious.
You can wear up to eight rings at the same time.
Your skin changes colour to match your surroundings (Stealth+).
Your rubbery body absorbs attacks. (AC +1, EV +1)
((You are camouflaged when in or above water. (Stealth+)))
You have tentacles for arms and can constrict up to eight enemies at once.


Message History

No target in view!
No target in view!
No target in view!
No target in view!
No target in view!
An adder comes into view.
You see here 12 gold pieces.
The helpless adder fails to defend itself.
You tentacle-slap the adder. You grab the adder. You squeeze the adder.
You constrict the adder. The adder bites you.
You tentacle-slap the adder but do no damage.
Your squeeze misses the adder.
You constrict the adder, but do no damage.
The adder closely misses you.
You tentacle-slap the adder.
You kill the adder!
You have reached level 3!
Your experience leads to an increase in your attributes!
Increase (s)trength, (i)ntelligence, or (d)exterity?
You feel stronger. x2
You start resting.
You now have 96 gold pieces (gained 12).
A hobgoblin comes into view.
A hobgoblin is nearby!
The hobgoblin hits you.
You barely miss the hobgoblin. Your grab misses the hobgoblin.
Your squeeze misses the hobgoblin. The hobgoblin hits you.
You tentacle-slap the hobgoblin.
You kill the hobgoblin!
No target in view!
No target in view!
No target in view!
No target in view!
No target in view!
No target in view!
No target in view!
No target in view!
A frilled lizard comes into view.
The frilled lizard hisses angrily.
Found a stone staircase leading down.
You closely miss the frilled lizard. Your grab misses the frilled lizard.
Your squeeze misses the frilled lizard. The frilled lizard bites you.
You tentacle-slap the frilled lizard.
You kill the frilled lizard!
No target in view!
No target in view!
No target in view!
No target in view!
No target in view!
No target in view!
No target in view!
No target in view!
A frilled lizard comes into view.
A rat and an adder come into view.
You tentacle-slap the frilled lizard.
You kill the frilled lizard!
A hobgoblin and a ball python come into view.
You see here a frilled lizard corpse.
You barely miss the rat. You grab the rat. You tentacle-slap the rat.
You constrict the rat, but do no damage.
The hobgoblin shouts!
The rat barely misses you.
The ball python hisses angrily.
The adder hisses angrily.
You tentacle-slap the rat.
You kill the rat!
You hear an angry hiss.
You completely miss the hobgoblin. You grab the hobgoblin.
You constrict the hobgoblin. The hobgoblin barely misses you.
You barely miss the hobgoblin. You squeeze the hobgoblin.
You kill the hobgoblin!
A giant cockroach comes into view.
The ball python bites you. The ball python closely misses you.
The adder bites you.
You are poisoned.
The adder poisons you!
You tentacle-slap the adder. Your grab misses the adder.
Your squeeze misses the adder.
You feel sick. The ball python bites you. The ball python misses you.
The adder bites you.
The ball python barely misses you. x2; The adder bites you.
* * * LOW HITPOINT WARNING * * *
You are too injured to fight recklessly!
You are too injured to fight recklessly!
You tentacle-slap the giant cockroach but do no damage.
Your grab misses the giant cockroach.
Your tentacle-slap misses the giant cockroach.
You squeeze the giant cockroach, but do no damage.
* * * LOW HITPOINT WARNING * * *
You feel sick. The giant cockroach misses you. The adder completely misses you.
The ball python closely misses you. The ball python grabs you.
The ball python constricts you.
You miss the adder. Your grab misses the adder.
* * * LOW HITPOINT WARNING * * *
You feel sick.
The giant cockroach bites you but does no damage.
The adder bites you.
* * * LOW HITPOINT WARNING * * *
You are more poisoned.
The adder poisons you! The ball python bites you.
You die...

###.##.....#
+.#..#.#...
#........#
###.##...#
#######.##.### ###
...........#?.. ..(
#######.##.###.###.#
#.##...#.†SS.#
#.####.###h# #.#
#...#B# #.#
##..#.#.#..+ ..#
#.........# ..#
#.####....# #.#
....# #.# #.## #.#
.# #.# #


You could see an adder, a giant cockroach and a ball python.

Vanquished Creatures
  An adder (D:2)
  A ribbon worm (D:2)
  A ball python (D:2)
  A bat (D:2)
  A giant cockroach (D:1)
  2 goblins (D:1)
  4 hobgoblins
  A quokka (D:1)
  2 frilled lizards (D:2)
  5 rats
19 creatures vanquished.

Notes
Turn   | Place    | Note
-------+----------+-------------------------------------------
     0 | D:1      | RKaid the Octopode Shapeshifter began the quest for the
                  | Orb.
     0 | D:1      | Reached XP level 1. HP: 13/13 MP: 1/1
   256 | D:1      | HP: 3/13 [hobgoblin (4)]
   418 | D:1      | Reached XP level 2. HP: 14/18 MP: 2/2
   674 | D:2      | HP: 1/18 [ribbon worm (9)]
   863 | D:2      | Reached XP level 3. HP: 19/23 MP: 3/3
   975 | D:2      | HP: 5/24 [adder (4)]
   977 | D:2      | HP: 1/24 [adder (3)]
   977 | D:2      | Slain by a ball python

Illustrated notes

Levels and vault maps discovered:
D:1:      heliophobic_arrival_enchanted_forest, layout_basic
D:2:      layout_basic, hellmonk_ecumenical_altar_slurped_away, minmay_quantized

Action                     || total
---------------------------++-------
  Melee: Unarmed           ||    45
         Constrict         ||     8
         Tentacles         ||     6
         Punch             ||     1
    Use: Scroll            ||     4
   Stab: Sleeping          ||     1
 Armour: Skin              ||    27
  Dodge: Dodged            ||    28

Table legend: (Time is in decaauts)
 A = Elapsed time spent in this place.
 B = Non-inter-level travel time spent in this place.
 C = Inter-level travel time spent in this place.
 D = Time resting spent in this place.
 E = Time spent auto-exploring this place.
 F = Levels seen in this place.
 G = Mean time per level.
                   A        B        C        D        E       F      G
               +--------+--------+--------+--------+--------+-----+--------+
         Total |    974 |    962 |     12 |    124 |    713 |   2 |  487.0 |
       Dungeon |    974 |    962 |     12 |    124 |    713 |   2 |  487.0 |
               +--------+--------+--------+--------+--------+-----+--------+

Top non-repeatable levels by time:
     D:1: 666 daAuts
     D:2: 308 daAuts

Table legend:
 A = Kills in this place as a percentage of kills in the entire game.
 B = Kills by you in this place as a percentage of kills by you in the entire game.
 C = Kills by friends in this place as a percentage of kills by friends in the entire game.
 D = Other kills in this place as a percentage of other kills in the entire game.
 E = Experience gained in this place as a percentage of experience gained in the entire game.
 F = Experience gained in this place divided by the number of levels of this place that you have seen.
                   A       B       C       D       E      F
               +-------+-------+-------+-------+-------+----------------------
         Total | 100.0 | 100.0 |   N/A |   N/A | 100.0 |  21.5
       Dungeon | 100.0 | 100.0 |   N/A |   N/A | 100.0 |  21.5
               +-------+-------+-------+-------+-------+----------------------
